 Dungeon Crawl Stone Soup version 0.31-a0-446-g07c4bd200f (webtiles) character file.

Game seed: 15215787438965413242

1169 MacCMillion the Grappler (level 8, 69/71 HPs)
             Began as a Black Draconian Shapeshifter on Aug 3, 2023.
             Quit the game on level 4 of the Dungeon.
             The game lasted 00:08:01 (4084 turns).

MacCMillion the Grappler (DrSh)                     Turns: 4084, Time: 00:08:02

Health: 69/71      AC:  6    Str: 20    XL:     8   Next: 17%
Magic:  8/8        EV: 12    Int:  8    God:
Gold:   104        SH:  0    Dex: 12    Spells: 7/7 levels left

rFire   . .          .
                       - Unarmed
rCold   . . .        (no shield)
rNeg    . . .        (body armour unavailable)
rPois   +            (helmet currently unavailable)
rElec   +            (cloak currently unavailable)
rCorr   .            (gloves currently unavailable)
SInv    .            (boots currently unavailable)
Will    .....        (no amulet)
Stlth   +            f - ring of poison resistance
HPRegen 0.31/turn    g - ring of flight
MPRegen 0.11/turn

%: no passive effects
@: beast-form, flying
A: beast (slay +2), breathe lightning, AC +6, unfitting armour, electricity
resistance, cold-blooded
a: Breathe Lightning, Begin Untransformation


You were on level 4 of the Dungeon.
You were a hulking beast.
You visited 1 branch of the dungeon, and saw 4 of its levels.

You collected 208 gold pieces.
You spent 104 gold pieces at shops.

Inventory:

Hand Weapons
 a - the +7 falchion of the Thieving Gods {flame, Fly rN++ Will- SInv}
   (You found it on level 4 of the Dungeon)

   rN:        It greatly protects you from negative energy.
   SInv:      It lets you see invisible.
   Fly:       It grants you flight.
   Will:      It decreases your willpower.
Missiles
 k - 2 javelins
 r - a throwing net
Jewellery
 f - a ring of poison resistance (left hand)
 g - a ring of flight (right hand)
 p - a ring of fire
Talismans
 b - a beast talisman (active)
Scrolls
 d - 4 scrolls of identify {unknown}
 h - a scroll of enchant weapon {unknown}
 j - a scroll of poison {unknown}
 l - a scroll of immolation {unknown}
 m - a scroll of fog {unknown}
 n - a scroll of enchant armour {unknown}
 q - a scroll of noise {unknown}
 s - a scroll of teleportation {unknown}
Potions
 c - 2 potions of haste {unknown}
 e - a potion of resistance {unknown}
 i - a potion of enlightenment {unknown}
 o - 2 potions of heal wounds
 t - a potion of mutation {unknown}
 u - a potion of curing


   Skills:
 + Level 6.5 Fighting
 - Level 1.7 Dodging
 + Level 8.3 Unarmed Combat
 - Level 3.0 Shapeshifting


You had 7 spell levels left.
You didn't know any spells.
Your spell library contained the following spells:

 Spells                   Type           Power      Damage    Failure   Level
 Foxfire                  Conj/Fire      0%         2x1d4     41%         1
 Cigotuvi's Dreadful Rot  Necr/Pois/Air  0%         N/A       54%         2
 Lesser Beckoning         Tloc           0%         N/A       54%         2
 Poisonous Vapours        Pois/Air       0%         N/A       54%         2
 Searing Ray              Conj           0%         2d4       54%         2
 Gell's Gravitas          Tloc           0%         N/A       78%         3
 Ignite Poison            Fire/Tmut/Pois 0%         N/A       78%         3
 Mephitic Cloud           Conj/Pois/Air  0%         N/A       78%         3
 Teleport Other           Tloc           0%         N/A       78%         3
 Volatile Blastmotes      Fire/Tloc      0%         2d10      78%         3
 Fulminant Prism          Conj/Hex       0%         3d5       99%         4
 Iskenderun's Mystic Bla  Conj/Tloc      0%         2d3       99%         4
 Freezing Cloud           Conj/Ice/Air   0%         6-21      100%        5
 Irradiate                Conj/Tmut      0%         3d11      100%        5
 Starburst                Conj/Fire      0%         6d3       100%        6


Dungeon Overview and Level Annotations

Branches:
Dungeon (4/15)
 Temple: D:4-7

Altars:

Shops:
D:4 !

Annotations:
D:2 1 runed translucent door, Crazy Yiuf


Innate Abilities, Weirdness & Mutations

You are a hulking beast.
Your limbs bulge with bestial killing power. (Slay +2)
You can breathe wild blasts of lightning.
Your glossy black scales are hard. (AC +6)
You cannot fit into any form of body armour.
You are resistant to electric shocks. (rElec)
You are cold-blooded and may be slowed by cold attacks.


Message History

a +0 dagger; 4 stones; a kobold corpse Blork the orc hits you but does no damage.
Okay, then.
Unknown command.
Activating: Breathe Lightning (4% risk of failure)
Press: ? - help, Dir - look around, f - activate You breathe a wild blast of lightning!
The orb of electricity explodes!
You hear an angry hiss.
Blork the orc barely misses you.
Blork the orc hits you but does no damage.
You punch Blork the orc!
Blork the orc is moderately wounded.
Blork the orc hits you with a +0 mace.
You barely miss Blork the orc.
Blork the orc is moderately wounded.
Blork the orc miscasts a cantrip.
You punch Blork the orc!
Blork the orc is severely wounded.
Blork the orc misses you. Blork the orc hits you with a +0 mace!
You hit Blork the orc. You tail-slap Blork the orc.
Blork the orc is almost dead.
Blork the orc points at you and mumbles some strange words.
The magic dart hits you.
You hit Blork the orc.
You kill Blork the orc!
No target in view!
No target in view!
Unknown command.
You start resting.
You have got your breath back.
You start resting.
HP restored.
You start waiting.
An ufetubus comes into view.
An ufetubus is nearby!
An ufetubus is nearby!
The ufetubus shouts!
The ufetubus hits you but does no damage.
The ufetubus closely misses you. x2; The ufetubus hits you.
Are you sure you want to abandon this character and quit the game? (Confirm with "yes".)

..#≈.§≈§≈.≈# .##≈..≈...≈# #.
.##≈§§..)≈≈# #.####
####≈≈§§≈≈## #....# # ####'###
#....# #### #..# #....# ...#
#.## ###....#
##.###.######.#.5..#
##.........##.#.h..##
####..........#.....###########
..##.......##.#..)#'##........#
.................#≈.#+........#
#.#........##.#.#≈≈.###.......#
#.#........####.+).∩..'.......#
...........# #.###.≈≈#...)...#
.........<.# ### #.≈#........#
......###+## #'#.........#


You could see an ufetubus.

Vanquished Creatures
  Pikel (D:3)
  Edmund (D:4)
  Pargi (D:3)
  An ogre (D:4)
  A phantom (D:4)
  Blork the orc (D:4)
  An orc priest (D:3)
  2 hounds (D:4)
  Jessica (D:2)
  An iguana (D:3)
  5 adders
  3 worms
  6 dart slugs
  4 orcs (D:3)
  5 ball pythons
  8 endoplasms
  4 giant cockroaches
  10 hobgoblins
  7 kobolds
  6 quokkas
  8 bats
  7 frilled lizards
  12 goblins
  4 rats
100 creatures vanquished.

Notes
Turn   | Place    | Note
-------+----------+-------------------------------------------
     0 | D:1      | MacCMillion the Draconian Shapeshifter began the quest for
                  | the Orb.
     0 | D:1      | Reached XP level 1. HP: 16/16 MP: 1/1
   110 | D:1      | Reached XP level 2. HP: 23/23 MP: 2/2
   545 | D:1      | Reached XP level 3. HP: 28/29 MP: 3/3
   647 | D:1      | Reached skill level 4 in Unarmed Combat
  1238 | D:2      | Noticed Jessica
  1246 | D:2      | Killed Jessica
  1247 | D:2      | Reached XP level 4. HP: 19/37 MP: 4/4
  1478 | D:2      | Identified the +1 robe of the Solstice {Int+3 Dex+2}
  1638 | D:2      | Found a runed translucent door.
  1639 | D:2      | Noticed Crazy Yiuf
  2035 | D:3      | Got the Lessons on Injury
  2079 | D:3      | Reached skill level 5 in Unarmed Combat
  2079 | D:3      | Reached XP level 5. HP: 33/45 MP: 5/5
  2877 | D:3      | Noticed Pargi
  2885 | D:3      | Killed Pargi
  2886 | D:3      | Reached skill level 6 in Unarmed Combat
  2886 | D:3      | Reached XP level 6. HP: 48/52 MP: 6/6
  3368 | D:4      | Noticed Pikel
  3394 | D:3      | Killed Pikel
  3395 | D:3      | Reached skill level 5 in Fighting
  3395 | D:3      | Reached skill level 7 in Unarmed Combat
  3395 | D:3      | Your scales start taking on a glossy black colour.
  3395 | D:3      | Reached XP level 7. HP: 61/61 MP: 7/7
  3395 | D:3      | Gained mutation: You are resistant to electric shocks.
                  | (rElec) [Black Draconian growth]
  3550 | D:4      | Identified the +7 falchion of the Thieving Gods {flame, Fly
                  | rN++ Will- SInv}
  3648 | D:4      | Reached skill level 8 in Unarmed Combat
  3661 | D:4      | Found Janun's Distillery.
  3746 | D:4      | Bought a potion of heal wounds for 65 gold pieces
  3746 | D:4      | Bought a potion of curing for 39 gold pieces
  3748 | D:4      | Noticed Edmund
  3765 | D:4      | Noticed Blork the orc
  3767 | D:4      | Killed Edmund
  3768 | D:4      | Reached XP level 8. HP: 17/71 MP: 8/8
  3977 | D:4      | Killed Blork the orc
  4084 | D:4      | Quit the game

Illustrated notes

Levels and vault maps discovered:
D:1:      lemuel_arrival_rhombus, layout_basic, grunt_decor_one_mirror,
          nicolae_concentric_dashed_squares_wild, minmay_vboxes
D:2:      layout_loops_ring, grunt_ministairs_14, minmay_misc_feat_x,
          chequers_mini_garden, uniq_jessica, uniq_crazy_yiuf_cottage
D:3:      layout_loops_corners, minmay_puff, uniq_pargi
D:4:      layout_basic, serial_shops, nicolae_shop_hallway_plus,
          kennysheep_another_room, uniq_edmund, uniq_pikel, uniq_blork_the_orc

Skill      XL: |  1  2  3  4  5  6  7 |
---------------+----------------------+-----
Fighting       | 2 3 4 5 6 |  6.5
Unarmed Combat | 4 5 6 7 8 |  8.3
Dodging        | |  1.7
Shapeshifting  | |  3.0

Action                     |  1- 3 |  4- 6 |  7- 9 || total
---------------------------+-------+-------+-------++-------
  Melee: Unarmed           |    95 |   130 |    41 ||   266
         Tailslap          |     7 |    17 |     8 ||    32
         Punch             |     2 |     5 |     3 ||    10
Ability: Breathe Lightning |       |       |     2 ||     2
    Use: Potion            |       |     1 |       ||     1
   Stab: Sleeping          |     1 |     1 |       ||     2
 Armour: Skin              |    21 |    39 |     8 ||    68
  Dodge: Dodged            |    55 |    52 |    27 ||   134

Table legend: (Time is in decaauts)
 A = Elapsed time spent in this place.
 B = Non-inter-level travel time spent in this place.
 C = Inter-level travel time spent in this place.
 D = Time resting spent in this place.
 E = Time spent auto-exploring this place.
 F = Levels seen in this place.
 G = Mean time per level.
                   A        B        C        D        E       F      G
               +--------+--------+--------+--------+--------+-----+--------+
         Total |   4062 |   3939 |    123 |    714 |   2532 |   4 | 1015.5 |
       Dungeon |   4062 |   3939 |    123 |    714 |   2532 |   4 | 1015.5 |
               +--------+--------+--------+--------+--------+-----+--------+

Top non-repeatable levels by time:
     D:3: 1602 daAuts
     D:1: 1016 daAuts
     D:2: 980 daAuts
     D:4: 462 daAuts
